 Dungeon Sprint DCSS version 0.27.1-3-gb3d3a73c9e (webtiles) character file.

Game seed: 8260662507262988730

1619 raph the Grappler (level 8, 0/144 HPs)
             Began as a Troll Berserker on Oct 20, 2021.
             Was an Elder of Trog.
             Slain by a demonic crawler (4 damage)
             ... in the Dungeon (Sprint I: "Red Sonja").
             The game lasted 00:01:49 (646 turns).

raph the Grappler (Troll Berserker)                  Turns: 646, Time: 00:01:49

Health: 0/144      AC:  6    Str: 26    XL:     8   Next: 64%
Magic:  7/7        EV: 12    Int:  3    God:    Trog [****..]
Gold:   278        SH:  0    Dex: 11    Spells: 7/7 levels left

rFire    . . .     SeeInvis .     - Unarmed
rCold    . . .     Faith    .   (no shield)
rNeg     . . .     Spirit   .   i - +2 robe
rPois    .         Reflect  .   (helmet restricted)
rElec    .         Harm     .   (no cloak)
rCorr    .         Rampage  .   (gloves unavailable)
Will     .....     NoTele   +   (boots unavailable)
Stlth    ..........             (no amulet)
HPRegen  1.34/turn              (no ring)
MPRegen  0.10/turn              (no ring)

@: berserking, very quick
A: large, unfitting armour, claws 3, regeneration 1, shaggy fur 1, tough skin 1
a: Renounce Religion, Berserk, Trog's Hand, Brothers in Arms


You were in the Dungeon.
You worshipped Trog.
Trog was greatly pleased with you.
You visited 1 branch You collected 405 gold pieces.
You spent 127 gold pieces at shops.

Inventory:

Hand Weapons
 h - a +0 giant club
Armour
 a - a +0 animal skin
 i - a +2 robe (worn)
Scrolls
 g - a scroll of blinking
Potions
 b - 4 potions of curing
 c - a potion of heal wounds
 d - a potion of haste
 e - 2 potions of magic
 f - a potion of berserk rage
 j - a potion of flight


   Skills:
 * Level 10.6 Fighting
 + Level 7.8 Dodging
 * Level 12.4 Unarmed Combat


You had 7 spell levels left.
You didn't know any spells.
Your spell library was empty.

Dungeon Overview and Level Annotations

Branches:
Dungeon (1/1)

Altars:
Cheibriados
Dithmenos
Elyvilon
Fedhas
Gozag
Hepliaklqana
Kikubaaqudgha
Makhleb
Nemelex Xobeh
Okawaru
Qazlal
Ru
Sif Muna
Trog
Uskayaw
Vehumet
Wu Jian
Xom
Yredelemnul
Zin
The Shining One
Jiyva
Lugonu

Shops:
D [


Innate Abilities, Weirdness & Mutations

You are too large for most types of armour.
You have claws for hands.
Your natural rate of healing is unusually fast.
You are covered in fur. (AC +1)
You have tough skin. (AC +1)


Message History

Your black bear claws the demonic crawler!
Your black bear barely misses the demonic crawler.
You claw the demonic crawler! Your claw misses the demonic crawler.
The demonic crawler is severely wounded.
The demonic crawler hits you but does no damage.
The demonic crawler hits you! The demonic crawler hits you. x2
The demonic crawler barely misses you. The demonic crawler hits you. x2
The demonic crawler misses you. The demonic crawler barely misses you.
You scratch the demonic crawler but do no damage.
The demonic crawler is severely wounded.
Your black bear bites the demonic crawler!
Your black bear claws the demonic crawler but does no damage. x2
The demonic crawler barely misses you. The demonic crawler hits you.
The demonic crawler hits you!
* * * LOW HITPOINT WARNING * * *
The demonic crawler hits you!
* * * LOW HITPOINT WARNING * * *
The demonic crawler hits you!
* * * LOW HITPOINT WARNING * * *
The demonic crawler hits you.
* * * LOW HITPOINT WARNING * * *
You swap places.
Your black bear bites the demonic crawler.
Your black bear claws the demonic crawler.
The demonic crawler dies!
Trog accepts your kill.
The demonic crawler hits your black bear.
The demonic crawler hits your black bear!
The demonic crawler closely misses your black bear.
There is an open door here.
You mangle the demonic crawler!!
The demonic crawler is heavily wounded.
Your black bear bites the demonic crawler.
Your black bear claws the demonic crawler but does no damage. x2
You barely miss the demonic crawler.
The demonic crawler is heavily wounded.
The demonic crawler hits you!
* * * LOW HITPOINT WARNING * * *
The demonic crawler hits you.
You die...

########################
.#..'..#..'..#__#hs')..#
.').#..').#..'..@s.#)..#
.#####'#####'#__####...'..#
.####..#...#.#### #####..+
.#__####..##.#§§§ +##
.#_____##'#_.+≈§
⌠#_.∩...'..._#≈≈≈.c#
##_..__##_.#'# +####
#_____###+#.# ####### ###


You could see 2 demonic crawlers and a friendly black bear (summoned, berserk).

Vanquished Creatures
  2 kobold demonologists (D)
  A demonic crawler (D)
  A slime creature (D)
  Sigmund (D)
  A yak (D)
  A floating eye (D)
  An ogre (D)
  A jelly (D)
  Ijyb (D)
10 creatures vanquished.

Vanquished Creatures (collateral kills)
  A demonic crawler (D)
1 creature vanquished.

Grand Total: 11 creatures vanquished

Notes
Turn   | Place    | Note
-------+----------+-------------------------------------------
     0 | D        | raph the Troll Berserker began the quest for the Orb.
     0 | D        | Reached XP level 1. HP: 22/22 MP: 0/0
     1 | D        | Noticed Ijyb
     5 | D        | Killed Ijyb
     6 | D        | Reached skill level 4 in Unarmed Combat
     6 | D        | Reached XP level 2. HP: 28/32 MP: 1/1
    56 | D        | Noticed an ogre
    62 | D        | Killed an ogre
    63 | D        | Reached skill level 5 in Fighting
    63 | D        | Reached skill level 6 in Unarmed Combat
    63 | D        | Reached XP level 3. HP: 42/42 MP: 2/2
    63 | D        | Reached XP level 4. HP: 50/50 MP: 3/3
   117 | D        | Noticed Sigmund
   126 | D        | Killed Sigmund
   126 | D        | Reached ** piety under Trog
   127 | D        | Reached skill level 5 in Dodging
   127 | D        | Reached skill level 8 in Unarmed Combat
   127 | D        | Reached XP level 5. HP: 62/62 MP: 4/4
   170 | D        | Found a burning altar of Makhleb.
   170 | D        | Found a viscous altar of Jiyva.
   170 | D        | Found a shimmering altar of Xom.
   170 | D        | Found a corrupted altar of Lugonu.
   170 | D        | Noticed a slime creature
   174 | D        | Killed a slime creature
   175 | D        | Reached skill level 9 in Unarmed Combat
   175 | D        | Reached XP level 6. HP: 72/72 MP: 5/5
   214 | D        | Found an ornate altar of the Wu Jian Council.
   214 | D        | Found a shimmering blue altar of Sif Muna.
   216 | D        | Found a radiant altar of Vehumet.
   288 | D        | Found Gaut's Armour Emporium.
   288 | D        | Found an ancient bone altar of Kikubaaqudgha.
   288 | D        | Found a hazy altar of Hepliaklqana.
   288 | D        | Found a stormy altar of Qazlal.
   288 | D        | Found a hide-covered altar of Uskayaw.
   288 | D        | Found a blossoming altar of Fedhas.
   288 | D        | Found a bloodstained altar of Trog.
   288 | D        | Found an iron altar of Okawaru.
   288 | D        | Found a basalt altar of Yredelemnul.
   288 | D        | Found a glowing golden altar of the Shining One.
   288 | D        | Found a snail-covered altar of Cheibriados.
   288 | D        | Found a sacrificial altar of Ru.
   288 | D        | Found a glowing silver altar of Zin.
   288 | D        | Found a shadowy altar of Dithmenos.
   288 | D        | Found a white marble altar of Elyvilon.
   288 | D        | Noticed a yak
   291 | D        | Killed a yak
   291 | D        | Reached *** piety under Trog
   292 | D        | Reached skill level 10 in Unarmed Combat
   292 | D        | Reached XP level 7. HP: 81/81 MP: 6/6
   309 | D        | Found an opulent altar of Gozag.
   329 | D        | Found a sparkling altar of Nemelex Xobeh.
   333 | D        | Bought a +2 robe for 127 gold pieces
   352 | D        | Noticed a centaur warrior
   370 | D        | Noticed a kobold demonologist
   370 | D        | Noticed a kobold demonologist
   378 | D        | Killed a kobold demonologist
   379 | D        | Reached skill level 11 in Unarmed Combat
   382 | D        | Killed a kobold demonologist
   382 | D        | Reached **** piety under Trog
   383 | D        | Reached XP level 8. HP: 93/93 MP: 7/7
   384 | D        | Reached skill level 10 in Fighting
   630 | D        | Noticed a demonic crawler
   630 | D        | Noticed a demonic crawler
   630 | D        | Noticed a demonic crawler
   630 | D        | Noticed a demonic crawler
   640 | D        | Killed a demonic crawler
   641 | D        | Reached skill level 12 in Unarmed Combat
   644 | D        | Killed a demonic crawler
   646 | D        | HP: 4/144 [demonic crawler (10)]
   646 | D        | Slain by a demonic crawler

Illustrated notes

Levels and vault maps discovered:
D:        dungeon_sprint_1 [red_sonja_temple_1, red_sonja_temple_small_1]

Skill      XL: |  1  2  3  4  5  6  7  8 |
---------------+-------------------------+-----
Fighting       | 3 5 7 8 9 10 | 10.6
Dodging        | 3 4 5 6 7 |  7.8
Unarmed Combat | 4 6 8 9 10 11 12 | 12.4

Action                   |  1- 3 |  4- 6 |  7- 9 || total
-------------------------+-------+-------+-------++-------
Melee: Unarmed           |     7 |    13 |    19 ||    39
       Punch             |       |       |     1 ||     1
Invok: Berserk           |     2 |     4 |     2 ||     8
       Brothers in Arms  |       |       |     1 ||     1
  Use: Scroll            |       |     1 |       ||     1
Armor: Animal skin       |       |     1 |       ||     1
       Robe              |       |       |    13 ||    13
Dodge: Dodged            |     1 |     2 |    20 ||    23
